 Dungeon Crawl Stone Soup version 0.29.1-12-g30fa7ad0bf (webtiles) character file.

Game seed: 11865970089518020750

1 FexLirch the Digger (level 1, 0/14 HPs)
             Began as a Meteoran Earth Elementalist on Dec 26, 2022.
             Slain by a rat (2 damage)
             ... on level 1 of the Dungeon.
             The game lasted 00:00:15 (82 turns).

FexLirch the Digger (Meteoran Earth Elementalist)     Turns: 82, Time: 00:00:16

Health: 0/14       AC:  2    Str:  9    XL:     1   Next: 28%
Magic:  5/5        EV: 12    Int: 16    God:
Gold:   0          SH:  0    Dex: 14    Spells: 4/5 levels left

rFire   . . .      SeeInvis .   (no weapon)
rCold   . . .      Faith    .   (no shield)
rNeg    . . .      Spirit   .   a - +0 robe
rPois   .          Reflect  .   (no helmet)
rElec   .          Harm     .   (no cloak)
rCorr   .          Rampage  .   (no gloves)
Will    .....                   (no boots)
Stlth   +.........              (no amulet)
HPRegen 0.04/turn               (no ring)
MPRegen 0.09/turn               (no ring)

@: glowing
A: sense surroundings 1, otherworldly, glowing, explore regen
a: no special abilities


You were on level 1 of the Dungeon.
You visited 1 branch of the dungeon, and saw 1 of its levels.

Inventory:

Armour
 a - a +0 robe (worn)
Scrolls
 c - a scroll of amnesia {unknown}
Potions
 b - a potion of magic


   Skills:
 - Level 2.4 Dodging
 - Level 1.4 Stealth
 + Level 2.7 Spellcasting
 - Level 1.2 Transmutations
 + Level 3.7 Earth Magic


You had 4 spell levels left.
You knew the following spells:

 Your Spells              Type           Power      Damage    Failure   Level
a - Sandblast             Erth           28%        2d8       4%          1

Your spell library contained the following spells:

 Spells                   Type           Power      Damage    Failure   Level
 Passwall                 Tmut/Erth      8%         N/A       11%         2
 Stone Arrow              Conj/Erth      16%        3d8       26%         3
 Petrify                  Tmut/Erth      10%        N/A       56%         4


Dungeon Overview and Level Annotations

Branches:
Dungeon (1/15) Zot: 515

Altars:


Innate Abilities, Weirdness & Mutations

You passively map a small area around you.
You are easily found by Zot.
You glow in the dark.
You regain HP and MP as you explore.


Message History

You can't see any susceptible monsters within range! (Use Z to cast anyway.)
You can't see any susceptible monsters within range! (Use Z to cast anyway.)
The kobold shouts!
The blast of sand misses the kobold.
The blast of sand hits the kobold!
You kill the kobold!
You can't see any susceptible monsters within range! (Use Z to cast anyway.)
You see here a +0 dagger.
Magic restored.
A frilled lizard comes into view.
Found 5 stones.
A frilled lizard is nearby!
Found 2 stones.
You see here 5 stones.
The blast of sand hits the frilled lizard!
You kill the frilled lizard!
No target in view!
You can't see any susceptible monsters within range! (Use Z to cast anyway.)
You can't see any susceptible monsters within range! (Use Z to cast anyway.)
A rat comes into view.
A rat is nearby!
You closely miss the rat. The rat bites you.
The blast of sand misses the rat.
The rat bites you. x2
You are too injured to fight recklessly!
You are too injured to fight recklessly!
You are too injured to fight recklessly!
You are too injured to fight recklessly!
You are too injured to fight recklessly!
You are too injured to fight recklessly!
You closely miss the rat. The rat closely misses you.
You hit the rat but do no damage. The rat bites you.
You barely miss the rat. The rat misses you.
You hit the rat but do no damage. The rat misses you.
You hit the rat but do no damage. The rat bites you.
* * * LOW HITPOINT WARNING * * *
You hit the rat but do no damage. The rat bites you.
* * * LOW HITPOINT WARNING * * *
You hit the rat but do no damage. The rat bites you but does no damage.
You completely miss the rat. The rat bites you.
You die...

, .....#..#.## ,
* #.......## **
######.#######.#
, , *
#..(......#* *
,* , ##.#####...
, * #...# *, , *
#...# ,, #...# ,
* * #..@# , * ,
, ........r....#
.......(.....# *
, ,
?...........##
#####...##### ,
#...# * , #...#
#...# *


You could see a rat.

Vanquished Creatures
  A frilled lizard (D:1)
  A kobold (D:1)
2 creatures vanquished.

Notes
Turn   | Place    | Note
-------+----------+-------------------------------------------
     0 | D:1      | FexLirch the Meteoran Earth Elementalist began the quest
                  | for the Orb.
     0 | D:1      | Reached XP level 1. HP: 14/14 MP: 5/5
    82 | D:1      | Slain by a rat

Illustrated notes

Levels and vault maps discovered:
D:1:      eino_arrival_cavern_c, layout_loops_cross, basic_ecumenical_altar,
          grunt_decor_junction

Action                   || total
-------------------------++-------
Melee: Unarmed           ||     9
 Cast: Sandblast         ||     4
Armor: Robe              ||     1
Dodge: Dodged            ||     3
